 Dungeon Crawl Stone Soup version 0.21.1-1-g345015f (webtiles) character file.

449 xccam the Covert (level 7, -4/46 HPs)
             Began as an Octopode Monk on Mar 25, 2018.
             Slain by a scorpion (9 damage)
             ... on level 4 of the Dungeon.
             The game lasted 00:06:47 (3460 turns).

xccam the Covert (Octopode Monk)                    Turns: 3460, Time: 00:06:48

Health: -4/46      AC:  1    Str: 11    XL:     7   Next: 4%
Magic:  7/7        EV: 14    Int: 12    God:
Gold:   310        SH:  0    Dex: 16    Spells: 6/6 levels left

rFire    . . .     SeeInvis .   a - +0 spear
rCold    . . .     Gourm    .   (no shield)
rNeg     . . .     Faith    .   (helmet restricted)
rPois    .         Spirit   .   (no amulet)
rElec    .         Reflect  .   u - ring of wizardry
rCorr    .         Harm     .   (no ring)
MR       .....     Clarity  +   (no ring)
Stlth    +++.......             (no ring)
HPRegen  0.15/turn              (no ring)
MPRegen  0.10/turn              (no ring)
                                (no ring)
                                (no ring)

@: confused, lethally poisoned (-4 -> -8)
A: almost no armour, stealthy swim, amphibious, 8 rings, constrict 8, camouflage
1, clarity, gelatinous body 1
a: no special abilities


You were on level 4 of the Dungeon.
You were very hungry.

You visited 1 branch of the dungeon, and saw 4 of its levels.
You also visited: Sewer.

You collected 310 gold pieces.

Inventory:

Hand Weapons
 a - a +0 spear (weapon)
Jewellery
 u - a ring of wizardry (left tentacle)
Scrolls
 c - a scroll of enchant armour {unknown}
 g - 5 scrolls of teleportation {unknown}
 h - 3 scrolls of blinking {unknown}
 j - 3 scrolls of amnesia {unknown}
 o - a scroll of magic mapping {unknown}
 q - a scroll of fog {unknown}
 r - a scroll of fear
Potions
 f - 2 potions of magic
 i - 2 potions of haste
 l - a potion of cancellation {unknown}
 m - a potion of brilliance {unknown}
 n - a potion of agility
 p - a potion of heal wounds {unknown}
 s - 2 potions of resistance
Books
 k - a book of Misfortune

   Spells                             Type                      Level
   a - Confusing Touch                Hexes                        1
   b - Confuse                        Hexes                        3
   c - Gell's Gravitas                Translocation                3
   d - Petrify                        Transmutation/Earth          4
   e - Metabolic Englaciation         Hexes/Ice                    5
   f - Yara's Violent Unravelling     Hexes/Transmutation          5
Comestibles
 b - 14 rations


   Skills:
 - Level 3.0 Fighting
 + Level 5.0 Polearms
 - Level 3.0 Dodging
 * Level 8.7 Stealth


You had 6 spell levels left.
You didn't know any spells.

Dungeon Overview and Level Annotations

Branches:
Dungeon (4/15)
 Temple: D:4-7

Altars:
Dithmenos
Gozag


Innate Abilities, Weirdness & Mutations

You cannot wear most types of armour.
You are very stealthy in the water. (Stealth+)
You are amphibious.
You can wear up to eight rings at the same time.
You can use your tentacles to constrict eight enemies at once.
Your skin changes colour to match your surroundings (Stealth+).
Your rubbery body absorbs attacks. (AC +1, EV +1)
You possess an exceptional clarity of mind.


Message History

You are too injured to fight recklessly!
You are too injured to fight recklessly!
You are too injured to fight recklessly!
You are too injured to fight recklessly!
You are too injured to fight recklessly!
You are too injured to fight recklessly!
You hit the scorpion but do no damage.
The scorpion is lightly wounded.
You constrict the scorpion. The scorpion stings you!
* * * LOW HITPOINT WARNING * * *
You hit the scorpion.
The scorpion is moderately wounded.
You constrict the scorpion. The scorpion stings you!
* * * LOW HITPOINT WARNING * * *
You are lethally poisoned!
The scorpion poisons you!
You are confused.
You feel invigorated.
You constrict the scorpion.
You feel sick. The scorpion stings you!
You die...

##.#.## .... #.# ##....#
###.# #.######## #..#..# ..
#.##...... ##.#...########.
#######.#..#####
...#.#.......##.##.........##
.........###.##..#.#########
.........##.....>..#
............#..#.###
.........#### #@# .........#
#s# #######<...


.oo ###### .#.#. ....... .. ... .. #.. ... ... . #. ..... ..# You could see a
scorpion and 2 orcs.

Vanquished Creatures
  An ogre (D:4)
  An orc wizard (D:4)
  5 worker ants
  7 adders
  4 worms (D:3)
  A dart slug (D:1)
  3 leopard geckos (D:3)
  13 orcs
  6 ball pythons
  6 bats
  6 giant cockroaches
  15 goblins
  16 hobgoblins
  11 jackals
  10 kobolds
  3 quokkas
  5 frilled lizards
  7 rats
  A plant (Sewer)
121 creatures vanquished.

Notes
Turn   | Place    | Note
-------+----------+-------------------------------------------
     0 | D:1      | xccam the Octopode Monk began the quest for the Orb.
     0 | D:1      | Reached XP level 1. HP: 16/16 MP: 1/1
    46 | D:1      | Reached skill level 3 in Stealth
    52 | D:1      | Reached XP level 2. HP: 21/21 MP: 2/2
   161 | D:1      | Reached skill level 4 in Stealth
   202 | D:1      | Reached XP level 3. HP: 26/26 MP: 3/3
   913 | D:2      | Reached skill level 5 in Stealth
   913 | D:2      | Reached XP level 4. HP: 24/31 MP: 4/4
  1090 | D:2      | Found an opulent altar of Gozag.
  1441 | D:3      | Reached skill level 6 in Stealth
  1441 | D:3      | Reached XP level 5. HP: 31/36 MP: 5/5
  1493 | D:3      | Found a glowing drain.
  1695 | Sewer    | Entered a sewer
  2390 | D:3      | Reached skill level 7 in Stealth
  2682 | D:4      | Gained mutation: Your natural rate of healing is unusually fast. [potion of mutation]
  2682 | D:4      | Lost mutation: Your natural rate of healing is unusually fast. [potion of mutation]
  2682 | D:4      | Gained mutation: You possess an exceptional clarity of mind. [potion of mutation]
  2713 | D:4      | Reached XP level 6. HP: 42/42 MP: 6/6
  2841 | D:4      | Reached skill level 8 in Stealth
  3138 | D:4      | Found a shadowy altar of Dithmenos.
  3442 | D:4      | Reached skill level 5 in Polearms
  3454 | D:4      | Reached XP level 7. HP: 24/46 MP: 7/7
  3460 | D:4      | Slain by a scorpion

Skill      XL: |  1  2  3  4  5  6 |
---------------+-------------------+-----
Stealth        | 3 4 5 6 7 8 |  8.7
Polearms       | 4 5 |  5.0
Fighting       | |  3.0
Dodging        | |  3.0

Action                   |  1- 3 |  4- 6 |  7- 9 || total
-------------------------+-------+-------+-------++-------
Melee: Spear             |    95 |   249 |     5 ||   349
       Constrict         |    16 |    51 |     1 ||    68
       Tentacles         |    17 |    48 |       ||    65
  Use: Scroll            |       |     8 |       ||     8
       Potion            |       |     3 |     1 ||     4
 Stab: Sleeping          |    18 |    20 |       ||    38
       Distracted        |       |     1 |       ||     1
  Eat: Chunk             |       |     7 |       ||     7
Armor: Skin              |     4 |     2 |       ||     6
Dodge: Dodged            |    33 |    95 |     1 ||   129
